 Dungeon Crawl Stone Soup version 0.31-a0-210-gccc998df9b (webtiles) character file.

Game seed: 15363731030476776317

10 qw the Shooter (level 2, 0/23 HPs)
             Began as a Minotaur Hexslinger on June 29, 2023.
             Slain by a giant cockroach (1 damage)
             ... on level 1 of the Dungeon.
             The game lasted 00:00:04 (56 turns).

qw the Shooter (Minotaur Hexslinger)                  Turns: 56, Time: 00:00:04

Health: 0/23       AC:  2    Str: 12    XL:     2   Next: 10%
Magic:  2/2        EV: 12    Int: 10    God:
Gold:   10         SH:  0    Dex: 12    Spells: 2/3 levels left

rFire   . . .        a - +1 sling
rCold   . . .        (no shield)
rNeg    . . .        c - +0 robe
rPois   .            (helmet restricted)
rElec   .            (no cloak)
rCorr   .            (no gloves)
SInv    .            (no boots)
Will    .....        (no amulet)
Stlth   +            (no ring)
HPRegen 0.23/turn    (no ring)
MPRegen 0.08/turn

%: no passive effects
@: no status effects
A: horns 2, retaliatory headbutt
a: no special abilities


You were on level 1 of the Dungeon.
You visited 1 branch of the dungeon, and saw 1 of its levels.

You collected 10 gold pieces.


Innate Abilities, Weirdness & Mutations

You have a pair of horns on your head.
You reflexively headbutt those who attack you in melee.


   Skills:
 + Level 1.5 Fighting
 - Level 3.0 Ranged Weapons
 - Level 2.1 Dodging
 - Level 1.0 Spellcasting
 - Level 2.0 Hexes


You had 2 spell levels left.
You knew the following spells:

 Your Spells              Type           Power      Damage    Failure   Level
a - Slow                  Hex            16%        N/A       16%         1

Your spell library contained the following spells:

 Spells                   Type           Power      Damage    Failure   Level
 Inner Flame              Hex/Fire       2%         N/A       56%         3
 Portal Projectile        Hex/Tloc       4%         N/A       56%         3
 Cause Fear               Hex            2%         N/A       83%         4

Inventory:

Hand Weapons
 a - a +1 sling (weapon)
Armour
 c - a +0 robe (worn)
Scrolls
 b - a scroll of poison

Dungeon Overview and Level Annotations

Branches:
Dungeon (1/15)

Altars:


Message History

A goblin comes into view. It is wielding a +0 dagger.
Your Ranged Weapons skill increases to level 3!
You shoot a sling bullet.
The sling bullet closely misses the hobgoblin.
The hobgoblin hits you. The rat bites you but does no damage.
You shoot a sling bullet. The sling bullet hits the hobgoblin.
The hobgoblin is moderately wounded.
The hobgoblin hits you. The rat bites you but does no damage.
You shoot a sling bullet.
The sling bullet closely misses the hobgoblin.
The hobgoblin misses you. You furiously retaliate!
You headbutt the hobgoblin.
You kill the hobgoblin!
The rat bites you.
You have reached level 2!
You shoot a sling bullet. The sling bullet barely misses the bat.
The bat barely misses you. You furiously retaliate!
You headbutt the bat.
You kill the bat!
The rat closely misses you. The rat bites you.
You shoot a sling bullet.
The sling bullet closely misses the giant cockroach.
The giant cockroach barely misses you. The rat bites you but does no damage.
The giant cockroach bites you but does no damage.
You shoot a sling bullet.
The sling bullet closely misses the giant cockroach.
The rat closely misses you. You furiously retaliate!
You headbutt the rat.
You kill the rat!
The giant cockroach bites you.
You shoot a sling bullet.
The sling bullet barely misses the giant cockroach.
The giant cockroach bites you. The kobold completely misses you.
You shoot a sling bullet.
The sling bullet barely misses the giant cockroach.
The giant cockroach bites you.
The kobold hits you with a +0 short sword.
The giant cockroach bites you but does no damage.
The kobold hits you with a +0 short sword.
You shoot a sling bullet.
The sling bullet barely misses the giant cockroach.
The giant cockroach bites you.
You die...

####''####...## .
..........>...## .# ..
..######.......##.##..
%..%............#.[.
........###..#(.#.#
######### ##......#
###....# ##...# #.@B#
###Kg...# g....#
.#.#... .#.# .. .. # .
#. .


You could see a giant cockroach, a hobgoblin, a goblin and a kobold.

Vanquished Creatures
  A dart slug (D:1)
  2 bats (D:1)
  A giant cockroach (D:1)
  2 hobgoblins (D:1)
  A frilled lizard (D:1)
  A rat (D:1)
8 creatures vanquished.

Notes
Turn   | Place    | Note
-------+----------+-------------------------------------------
     0 | D:1      | qw the Minotaur Hexslinger began the quest for the Orb.
     0 | D:1      | Reached XP level 1. HP: 16/16 MP: 1/1
     0 | D:1      | 0 ||| qw: Version: 0.3-a-24-ga2abf7b
     0 | D:1      | 0 ||| qw: Game counter: 6830
     0 | D:1      | 0 ||| qw: Melee chars always use a shield: true
     0 | D:1      | 0 ||| qw: God list: Okawaru
     0 | D:1      | 0 ||| qw: Allow faded altars: false
     0 | D:1      | 0 ||| qw: Do Orc after clearing Dungeon:15 true
     0 | D:1      | 0 ||| qw: Do second Lair branch before Depths: true
     0 | D:1      | 0 ||| qw: Lair rune preference: random
     0 | D:1      | 0 ||| qw: Goals: Normal
     0 | D:1      | 0 ||| PLANNING D:1-11
    48 | D:1      | Reached skill level 3 in Ranged Weapons
    51 | D:1      | Reached XP level 2. HP: 11/23 MP: 2/2
    55 | D:1      | HP: 3/23 [kobold/+0 short sword (4)]
    55 | D:1      | HP: 1/23 [kobold/+0 short sword (2)]
    56 | D:1      | Slain by a giant cockroach

Levels and vault maps discovered:
D:1:      lightli_arrival_noodles, layout_rooms, chequers_serial_rivers_micro_c,
          minmay_vboxes

Skill      XL: |  1 |
---------------+----+-----
Ranged Weapons | 3 |  3.0
Fighting       | |  1.5
Dodging        | |  2.1
Spellcasting   | |  1.0
Hexes          | |  2.0

Action                     || total
---------------------------++-------
   Fire: Sling             ||    25
 Armour: Robe              ||     9
  Dodge: Dodged            ||    21

Table legend:
 A = Non-vault XP
 B = Vault XP
 C = Vault XP percentage of total XP
 D = Non-vault monster count
 E = Vault monster count
 F = Vault count percentage of total count
                 A         B        C        D         E       F
            +---------+---------+-------+---------+---------+-------
      Total |      10 |       5 |  33.3 |       5 |       3 |  37.5
            +---------+---------+-------+---------+---------+-------
        D:1 |      10 |       5 |  33.3 |       5 |       3 |  37.5
            +---------+---------+-------+---------+---------+-------
